 Dungeon Crawl Stone Soup version 0.23-a0-182-g58cdd98 (webtiles) character file.

162 Felrender the Ruffian (level 5, -7/40 HPs)
             Began as a Draconian Transmuter on Sept 21, 2018.
             Was an Initiate of Ru.
             Mangled by an ogre
             ... wielding a +0 giant club
              (29 damage)
             ... on level 4 of the Dungeon.
             The game lasted 00:08:13 (3667 turns).

Felrender the Ruffian (Draconian Transmuter)        Turns: 3667, Time: 00:08:13

Health: -7/40      AC: 12    Str: 13    XL:     5   Next: 19%
Magic:  8/8        EV: 12    Int: 14    God:    Ru [......]
Gold:   49         SH:  0    Dex: 11    Spells: 7/8 levels left

rFire    . . .     SeeInvis .   n - +2 mace (protect)
rCold    . . .     Gourm    .   (no shield)
rNeg     . . .     Faith    .   (armour unavailable)
rPois    .         Spirit   .   (helmet restricted)
rElec    .         Reflect  .   (no cloak)
rCorr    .         Harm     .   (no gloves)
MR       .....                  (no boots)
Stlth    ++........             (no amulet)
HPRegen  0.13/turn              (no ring)
MPRegen  0.11/turn              (no ring)

@: protection aura
A: unfitting armour, cold-blooded, AC +5
a: Renounce Religion


You were on level 4 of the Dungeon.
You worshipped Ru.
Ru was noncommittal.
You were hungry.

You visited 1 branch of the dungeon, and saw 4 of its levels.

You collected 49 gold pieces.

Inventory:

Hand Weapons
 h - a +0 halberd
 i - a +0 mace of protection
 n - a +2 mace of protection (weapon)
 o - a +0 dagger of venom
Missiles
 a - 12 arrows
Jewellery
 m - an uncursed amulet of magic regeneration {unknown}
Scrolls
 g - 2 scrolls of teleportation
 k - a scroll of remove curse
 p - a scroll of noise {unknown}
Potions
 b - a potion of haste {unknown}
 d - a potion of mutation {unknown}
 e - 3 potions of heal wounds
 f - 2 potions of ambrosia {unknown}
 j - a potion of resistance {unknown}
 l - a potion of degeneration {unknown}
Comestibles
 c - 6 rations


   Skills:
 * Level 1.2 Fighting
 * Level 1.3 Maces & Flails
 + Level 2.5 Dodging
 + Level 1.1 Stealth
 + Level 4.8 Unarmed Combat
 + Level 2.1 Spellcasting
 + Level 2.1 Transmutations


You had 7 spell levels left.
You knew the following spells:

 Your Spells              Type           Power        Failure   Level  Hunger
a - Beastly Appendage     Tmut           #.....       10%         1    #......

Your spell library contained the following spells:

 Spells                   Type           Power        Failure   Level  Hunger
 Sticks to Snakes         Tmut           #.......     14%         2    ###....
 Spider Form              Tmut/Pois      #.........   41%         3    ###....
 Ice Form                 Ice/Tmut       #.......     83%         4    #####..
 Blade Hands              Tmut           #.........   95%         5    ######.


Dungeon Overview and Level Annotations

Branches:
Dungeon (4/15)
 Temple: D:4-7

Altars:
Ru
Yredelemnul


Innate Abilities, Weirdness & Mutations

Your plain brown scales are hard. (AC +5)
You cannot fit into any form of body armour.
You are cold-blooded and may be slowed by cold attacks.


Message History

You open the door.
There is an open door here.
Done exploring.
Done exploring.
Done exploring.
There is a stone staircase leading down here.
You climb downwards.
You hear the hiss of flowing sand.
There is an entrance to an ossuary on this level.
Hurry and find it before the
There is a stone staircase leading up here.
Found a whip.
An ogre comes into view. It is wielding a giant club.
Found 13 gold pieces.
The ogre hits you with a giant club!!
You hit the ogre.
Your weapon exudes an aura of protection.
The ogre is moderately wounded.
The ogre hits you with a giant club!!
Ouch! That really hurt!
You die...

..... .######...<....
..... .........######
....# #####.........
#.#..######.........
#................... #
#####...##.......... #..
##......#..........
#....#........#.........
#......@.......#.......#
###...O.)...............
...............####...#
###............# ...
##...........#
#..$.......##
............
...8.........


You could see an ogre.

Vanquished Creatures
  Jessica (D:3)
  6 adders
  2 gnolls (D:1)
  2 worms
  3 dart slugs
  A leopard gecko (D:2)
  An orc (D:3)
  3 giant cockroaches
  3 goblins
  8 hobgoblins
  3 jackals (D:1)
  8 kobolds
  4 bats
  4 frilled lizards
  5 rats
54 creatures vanquished.

Notes
Turn   | Place    | Note
-------+----------+-------------------------------------------
     0 | D:1      | Felrender the Draconian Transmuter began the quest for the
                  | Orb.
     0 | D:1      | Reached XP level 1. HP: 16/16 MP: 3/3
   394 | D:1      | Reached XP level 2. HP: 16/23 MP: 3/5
   736 | D:1      | Reached XP level 3. HP: 4/28 MP: 6/6
  1141 | D:1      | Reached skill level 4 in Unarmed Combat
  1831 | D:2      | Reached XP level 4. HP: 30/35 MP: 7/7
  2102 | D:2      | Reached skill level 1 in Stealth
  2499 | D:3      | Found a sacrificial altar of Ru.
  2514 | D:3      | Became a worshipper of Ru the Awakened
  2808 | D:3      | Found a basalt altar of Yredelemnul.
  3226 | D:3      | Noticed Jessica
  3242 | D:3      | Killed Jessica
  3242 | D:3      | Reached skill level 1 in Maces & Flails
  3242 | D:3      | Reached XP level 5. HP: 25/40 MP: 5/8
  3662 | D:4      | Noticed an ogre
  3667 | D:4      | Mangled by an ogre

Vault maps used:
D:1:      dpeg_arrival_brainrot, serial_forest, infiniplex_forest_lined_3_way,
          infiniplex_forest_lined_2, infiniplex_forest_lined_corner,
          infiniplex_forest_clump_curved, infiniplex_forest_clump_medium,
          infiniplex_forest_clump_long, infiniplex_forest_straight_2
D:3:      yredelemnul_altar_generic, overflow_temple_1_default, first_ration,
          kennysheep_pointless_box, uniq_jessica
D:4:      lemuel_coloured_pillars_altar, nicolae_ossuary_entry_monument,
          kennysheep_generic_room_9

Skill      XL: |  1  2  3  4 |
---------------+-------------+-----
Dodging        | 2 |  2.5
Unarmed Combat | 4 |  4.8
Stealth        | 1 |  1.1
Maces & Flails | 1 |  1.3
Fighting       | |  1.2
Spellcasting   | |  2.1
Transmutations | |  2.1

Action                   |  1- 3 |  4- 6 || total
-------------------------+-------+-------++-------
Melee: Unarmed           |    95 |       ||    95
       Tailslap          |     8 |     9 ||    17
       Headbutt          |     3 |       ||     3
       Mace              |    15 |   118 ||   133
       Punch             |     2 |     2 ||     4
 Cast: Beastly Appendage |     3 |     3 ||     6
  Use: Scroll            |     1 |     1 ||     2
       Potion            |     1 |       ||     1
 Stab: Sleeping          |       |     2 ||     2
  Eat: Chunk             |     2 |     3 ||     5
       Ration            |     1 |       ||     1
Armor: Skin              |    21 |    44 ||    65
Dodge: Dodged            |    65 |    97 ||   162

Table legend:
 A = Non-vault XP
 B = Vault XP
 C = Vault XP percentage of total XP
 D = Non-vault monster count
 E = Vault monster count
 F = Vault count percentage of total count
                 A         B        C        D         E       F
            +---------+---------+-------+---------+---------+-------
      Total |     193 |      39 |  16.8 |      52 |       2 |   3.7
            +---------+---------+-------+---------+---------+-------
        D:1 |      60 |       2 |   3.2 |      18 |       1 |   5.3
        D:2 |      97 |       0 |   0.0 |      21 |       0 |   0.0
        D:3 |      36 |      37 |  50.7 |      13 |       1 |   7.1
            +---------+---------+-------+---------+---------+-------
